 Seeded DCSS version 0.29-a0-838-g385bb11a5b (webtiles) character file.

Game seed: 8897551386731462229 (custom seed)

378 wilfster70 the Chiller (level 6, -1/37 HPs)
             Began as a Gargoyle Ice Elementalist on July 13, 2022.
             Was an Initiate of Gozag.
             Slain by Blork the orc
             ... wielding a +0 battleaxe
              (7 damage)
             ... on level 5 of the Dungeon.
             The game lasted 00:10:40 (5318 turns).

wilfster70 the Chiller (Gargoyle Ice Elementalist)  Turns: 5318, Time: 00:10:41

Health: -1/37      AC: 36    Str: 19    XL:     6   Next: 74%
Magic:  9/9        EV:  2    Int: 16    God:    Gozag
Gold:   226        SH:  0    Dex: 10    Spells: 8/9 levels left

rFire   + + .      SeeInvis .   u - +0 hand axe
rCold   . . .      Faith    .   (no shield)
rNeg    + . .      Spirit   .   f - +13 crystal plate armour of Musenn {rF++ Str+4}
rPois   ∞          Reflect  .   (no helmet)
rElec   +          Harm     .   l - +0 cloak of Beauty {Str+2}
rCorr   .          Rampage  .   d - +0 pair of gloves
Will    .....                   (no boots)
Stlth   ..........              p - amulet of the acrobat
HPRegen 0.12/turn               (no ring)
MPRegen 0.11/turn               (no ring)

@: about to teleport
A: sickness immunity, AC +4, negative energy resistance 1, electricity
resistance, torment resistance 1, petrification resistance
a: Renounce Religion, Potion Petition, Call Merchant, Bribe Branch


You were on level 5 of the Dungeon.
You worshipped Gozag.
Gozag was aware of your devotion.
You visited 1 branch of the dungeon, and saw 5 of its levels.

You collected 327 gold pieces.
You paid 101 gold pieces to Gozag.

Inventory:

Hand Weapons
 a - a +0 mace
 k - a +0 dagger of holy wrath
 u - a +0 hand axe (weapon)
Missiles
 e - 2 javelins
Armour
 d - a +0 pair of gloves (worn)
 f - the +13 crystal plate armour of Musenn (worn) {rF++ Str+4}
   (You acquired it on level 1 of the Dungeon)

   Str:       It affects your strength (+4).
   rF:        It greatly protects you from fire.
 l - the +0 cloak of Beauty (worn) {Str+2}
   (You acquired it on level 1 of the Dungeon)

   Str:       It affects your strength (+2).
Jewellery
 p - an amulet of the acrobat (around neck)
 s - a +4 ring of protection
 w - a ring of fire
Wands
 h - a wand of charming (4)
 C - a wand of roots (2)
Scrolls
 g - a scroll of enchant armour {unknown}
 i - a scroll of magic mapping {unknown}
 j - 2 scrolls of noise
 m - 2 scrolls of amnesia {unknown}
 n - a scroll of vulnerability {unknown}
 o - 3 scrolls of teleportation
 q - a scroll of enchant weapon {unknown}
 r - 3 scrolls of identify
 t - 2 scrolls of blinking {unknown}
 x - a scroll of brand weapon {unknown}
 y - a scroll of fog {unknown}
 A - a scroll of silence {unknown}
 B - a scroll of torment {unknown}
Potions
 b - a potion of magic
 v - a potion of mutation
 z - a potion of flight


   Skills:
 + Level 3.2 Fighting
 * Level 3.0 Axes
 + Level 4.0 Armour
 - Level 1.5 Dodging
 - Level 2.1 Stealth
 - Level 2.3 Spellcasting
 - Level 4.5 Ice Magic


You had 8 spell levels left.
You knew the following spells:

 Your Spells              Type           Power      Damage    Failure   Level
a - Freeze                Ice            64%        1d8       100%        1

Your spell library contained the following spells:

 Spells                   Type           Power      Damage    Failure   Level
 Apportation              Tloc           2%         N/A       100%        1
 Necrotise                Necr           4%         1d4       100%        1
 Summon Small Mammal      Summ           4%         N/A       100%        1
 Ensorcelled Hibernation  Hex/Ice        18%        N/A       100%        2
 Passwall                 Tmut/Erth      0%         N/A       100%        2
 Frozen Ramparts          Ice            32%        1d5       100%        3
 Ozocubu's Armour         Ice            16%        N/A       100%        3
 Swiftness                Air            1%         N/A       100%        3
 Hailstorm                Conj/Ice       9%         3d4       100%        4


Dungeon Overview and Level Annotations

Branches:
Dungeon (5/15)
 Temple: D:4-7

Altars:
Cheibriados
Fedhas
Gozag
Hepliaklqana
Kikubaaqudgha
Makhleb
Trog
Xom

Annotations:
D:4 2 transporters, Peppero's ghost, amateur OgAE
D:5 Blork the orc


Innate Abilities, Weirdness & Mutations

You are immune to sickness and miasma.
Your stone body is resilient. (AC +4)
You are immune to poison.
You resist negative energy. (rN+)
You are resistant to electric shocks. (rElec)
You are resistant to unholy torment.
You are immune to petrification.


Message History

You closely miss Blork the orc.
Blork the orc is severely wounded.
Blork the orc hits you with a +0 battleaxe!
* * * LOW HITPOINT WARNING * * *
You feel better.
Blork the orc hits you but does no damage. x2
You closely miss Blork the orc.
Blork the orc is severely wounded.
Blork the orc barely misses you.
Blork the orc hits you with a +0 battleaxe.
* * * LOW HITPOINT WARNING * * *
You closely miss Blork the orc.
Blork the orc is severely wounded.
Blork the orc hits you but does no damage.
You hit Blork the orc but do no damage.
Blork the orc is severely wounded.
Blork the orc hits you with a +0 battleaxe.
* * * LOW HITPOINT WARNING * * *
Blork the orc hits you but does no damage.
Okay, then.
Unknown command.
Okay, then.
As you read the scroll labelled SEAPEI FOCOSA, it crumbles to dust.
You hear a loud clanging noise!
It was a scroll of noise.
You hear a shout! x6; You hear an angry hiss.
You hear a bark!
You hear an angry growl.
Blork the orc looks encouraged for a moment.
Blork the orc hits you but does no damage.
Blork the orc grins evilly.
Okay, then.
Unknown command.
Okay, then.
As you read the scroll labelled SAMOG FIMUNTIE, it crumbles to dust.
You feel strangely unstable.
It was a scroll of teleportation.
Blork the orc hits you but does no damage. x2
Blork the orc attacks as you move away!
Blork the orc hits you with a +0 battleaxe!
You die...
Your body crumbles into a pile of gold.

.##..# . .#... ###
.. ...# ..# ...
... #..## ....
###.# ....#
.....##<#.##....##
..........#......#
........#.#o.#
#......##.@.##
##.#... ##### #
##.# ##


You could see Blork the orc (fast).

Vanquished Creatures
  A scorpion (D:4)
  An orc priest (D:3)
  An orc wizard (D:3)
  9 adders
  7 gnolls (D:3)
  3 worms
  2 dart slugs
  14 orcs
  8 ball pythons
  4 bats
  10 endoplasms
  4 giant cockroaches
  3 goblins
  6 hobgoblins
  4 jackals (D:1)
  11 kobolds
  7 frilled lizards
  A rat (D:3)
96 creatures vanquished.

Vanquished Creatures (others)
  3 plants (D:2)
3 creatures vanquished.

Grand Total: 99 creatures vanquished

Notes
Turn   | Place    | Note
-------+----------+-------------------------------------------
     0 | D:1      | wilfster70 the Gargoyle Ice Elementalist began the quest
                  | for the Orb.
     0 | D:1      | Reached XP level 1. HP: 10/10 MP: 3/3
   288 | D:1      | Reached XP level 2. HP: 15/15 MP: 1/5
   546 | D:1      | Identified a scroll of acquirement
   546 | D:1      | Acquired the +13 crystal plate armour of Musenn {rF++
                  | Str+4}
  1183 | D:1      | Acquired the +0 cloak of Beauty {Str+2}
  1234 | D:2      | Reached XP level 3. HP: 19/19 MP: 6/6
  1275 | D:2      | Reached skill level 1 in Armour
  1464 | D:2      | Found a faded altar of an unknown god.
  1538 | D:2      | Reached skill level 1 in Fighting
  1871 | D:2      | Reached XP level 4. HP: 17/25 MP: 7/7
  3027 | D:3      | Reached XP level 5. HP: 26/30 MP: 8/8
  3209 | D:3      | Found a shimmering altar of Xom.
  3439 | D:3      | Reached skill level 1 in Axes
  3456 | D:3      | Found a bloodstained altar of Trog.
  3718 | D:3      | Reached XP level 6. HP: 9/36 MP: 9/9
  4660 | D:4      | Found a hazy altar of Hepliaklqana.
  4686 | D:4      | Found an ancient bone altar of Kikubaaqudgha.
  4876 | D:4      | Found a transporter.
  4882 | D:4      | Noticed Peppero's ghost (amateur OgAE)
  4885 | D:4      | Found a transporter.
  5011 | D:4      | Found a blossoming altar of Fedhas.
  5011 | D:4      | Found a snail-covered altar of Cheibriados.
  5138 | D:4      | Found a burning altar of Makhleb.
  5253 | D:4      | Found an opulent altar of Gozag.
  5263 | D:4      | Became a worshipper of Gozag Ym Sagoz the Greedy
  5278 | D:5      | Entered Level 5 of the Dungeon
  5286 | D:5      | Noticed Blork the orc
  5318 | D:5      | Slain by Blork the orc

Illustrated notes

Levels and vault maps discovered:
D:1:      lemuel_arrival_behind_the_door_large, layout_basic, minivault_24,
          dreamdust_wishing_well, moated_statue, minmay_hedge_maze
D:2:      layout_basic, dreamdust_ecumenical_altar_grove, eino_tiny_chamber,
          minmay_joined_circles
D:3:      layout_loops_ring, bloody_trog, mainiacjoe_overflow_tiny_flanked,
          minmay_fractal_squares_gapless_5
D:4:      layout_basic, bloody_makhleb, lemuel_crystal_altar,
          gammafunk_temple_overflow_pools, grunt_temple_overflow_open,
          gammafunk_ghost_mausoleum
D:5:      layout_cave_pools, minmay_misc_feat_x, uniq_blork_the_orc, uniq_pikel

Skill      XL: |  1  2  3  4  5  6 |
---------------+-------------------+-----
Armour         | 2 3 4 |  4.0
Fighting       | 1 2 3 |  3.2
Axes           | 2 3 |  3.0
Dodging        | |  1.5
Stealth        | |  2.1
Spellcasting   | |  2.3
Ice Magic      | |  4.5

Action                   |  1- 3 |  4- 6 || total
-------------------------+-------+-------++-------
Melee: Short sword       |     6 |       ||     6
       Dagger            |    23 |       ||    23
       Mace              |    71 |   240 ||   311
       Punch             |     1 |     4 ||     5
       Hand axe          |       |   203 ||   203
 Cast: Freeze            |    13 |       ||    13
  Use: Scroll            |     3 |     5 ||     8
       Potion            |       |     5 ||     5
Armor: Crystal plate arm |   111 |   613 ||   724
       Robe              |     3 |       ||     3
Dodge: Dodged            |    22 |    86 ||   108

Table legend: (Time is in decaauts)
 A = Elapsed time spent in this place.
 B = Non-inter-level travel time spent in this place.
 C = Inter-level travel time spent in this place.
 D = Time resting spent in this place.
 E = Time spent auto-exploring this place.
 F = Levels seen in this place.
 G = Mean time per level.
                   A        B        C        D        E       F      G
               +--------+--------+--------+--------+--------+-----+--------+
         Total |   5469 |   5383 |     86 |   1572 |   1966 |   5 | 1093.8 |
       Dungeon |   5469 |   5383 |     86 |   1572 |   1966 |   5 | 1093.8 |
               +--------+--------+--------+--------+--------+-----+--------+

Top non-repeatable levels by time:
     D:3: 1923 daAuts
     D:2: 1418 daAuts
     D:1: 1203 daAuts
     D:4: 881 daAuts
     D:5: 43 daAuts
